 Dungeon Crawl Stone Soup version 0.31-a0-931-g7b59d4eb97 (webtiles) character file.

Game seed: 8063862895421026633

53 night the Ruffian (level 3, -5/28 HPs)
             Began as a Draconian Shapeshifter on Oct 19, 2023.
             Slain by Sigmund
             ... wielding a +0 scythe
              (9 damage)
             ... on level 2 of the Dungeon.
             The game lasted 00:02:47 (948 turns).

night the Ruffian (Draconian Shapeshifter)           Turns: 948, Time: 00:02:49

Health: -5/28      AC:  5    Str: 16    XL:     3   Next: 62%
Magic:  3/3        EV: 12    Int: 12    God:
Gold:   19         SH:  0    Dex: 10    Spells: 2/2 levels left

rFire   . .          .
                       - Unarmed
rCold   . . .        (no shield)
rNeg    . . .        (body armour unavailable)
rPois   .            (helmet currently unavailable)
rElec   .            (cloak currently unavailable)
rCorr   .            (gloves currently unavailable)
SInv    .            (boots currently unavailable)
Will    .....        (no amulet)
Stlth   +            (no ring)
HPRegen 0.24/turn    (no ring)
MPRegen 0.08/turn

%: no passive effects
@: beast-form, invisible
A: beast (slay +2), AC +5, unfitting armour, cold-blooded
a: Begin Untransformation


You were on level 2 of the Dungeon.
You were a hulking beast.
You visited 1 branch of the dungeon, and saw 2 of its levels.

You collected 19 gold pieces.

Inventory:

Missiles
 d - 6 poisoned darts
 j - 7 stones
 k - 2 throwing nets
Armour
 f - a +0 pair of gloves
Jewellery
 n - a ring of protection from fire
Talismans
 b - a beast talisman (active)
 c - a flux talisman
Scrolls
 h - a scroll of amnesia {unknown}
 i - a scroll of acquirement {unknown}
 l - a scroll of teleportation {unknown}
 m - a scroll of identify {unknown}
Potions
 a - 2 potions of lignification


   Skills:
 - Level 1.1 Fighting
 - Level 1.7 Dodging
 + Level 3.9 Unarmed Combat
 + Level 3.7 Shapeshifting


You had 2 spell levels left.
You didn't know any spells.
Your spell library contained the following spells:

 Spells                   Type           Power      Damage    Failure   Level
 Leda's Liquefaction      Hex/Erth       0%         N/A       97%         4
 Lee's Rapid Deconstruct  Erth           0%         3d4*      100%        5
 Bombard                  Conj/Erth      0%         9d1       100%        6


Dungeon Overview and Level Annotations

Branches:
Dungeon (2/15)

Altars:

Annotations:
D:2 Sigmund


Innate Abilities, Weirdness & Mutations

You are a hulking beast.
Your limbs bulge with bestial killing power. (Slay +2)
Your plain brown scales are hard. (AC +5)
You cannot fit into any form of body armour.
You are cold-blooded and may be slowed by cold attacks.


Message History

You are more confused.
Sigmund misses you. Sigmund gestures at you while chanting.
You resist with significant effort.
A quokka comes into view.
Sigmund points at you and mumbles some strange words.
The magic dart hits you but does no damage.
Sigmund gestures at you while chanting. The puff of flame misses you.
Sigmund points at you and mumbles some strange words.
You resist with significant effort.
Found a faded altar of an unknown god.
Sigmund gestures wildly while chanting.
Sigmund flickers and vanishes!
Deactivating autopickup; reactivate with Ctrl-A.
The quokka bites you.
You bump into the rock wall.
The quokka bites you.
A magic dart appears from out of thin air!
The magic dart hits you.
You bump into the rock wall.
The quokka barely misses you. The quokka closely misses you.
Something hits you.
* * * LOW HITPOINT WARNING * * *
The quokka bites you but does no damage.
The quokka bites you but does no damage.
You bump into the rock wall.
The quokka barely misses you.
You hear some strange, mumbled words.
You are more confused.
You're too confused to move!
The quokka bites you.
* * * LOW HITPOINT WARNING * * *
Something hits you.
* * * LOW HITPOINT WARNING * * *
It was a potion of cancellation.
Your magical effects are unravelling.
You feel magically purged.
You feel less confused.
The quokka bites you but does no damage.
You fade into invisibility!
The quokka bites you but does no damage.
Something hits you!
You die...

#.##....##.._..
#.##.....##...#
##########.###...###...#
.........#.†.......#...#
.........#.##<######...
.........#.##.#....#..
.........#.##.#.#.##.# #
................#.##r#.#
...).....#.##.#...{.h..#
.........#.##.#.#....###
.........#.##.#.######
...#######.##.#.# ...
#.##.#.# ... #.##.#.#
... .....#.# . #.# #.#
#.#


You could see a quokka (unable to see you).

Vanquished Creatures
  An adder (D:2)
  A bat (D:1)
  4 endoplasms
  5 giant cockroaches (D:1)
  7 goblins
  6 hobgoblins (D:1)
  2 jackals (D:1)
  A quokka (D:1)
  2 ball pythons (D:1)
  4 frilled lizards (D:1)
  A kobold (D:1)
  4 rats
38 creatures vanquished.

Notes
Turn   | Place    | Note
-------+----------+-------------------------------------------
     0 | D:1      | night the Draconian Shapeshifter began the quest for the
                  | Orb.
     0 | D:1      | Reached XP level 1. HP: 16/16 MP: 1/1
    89 | D:1      | Reached XP level 2. HP: 10/23 MP: 2/2
   389 | D:1      | Reached XP level 3. HP: 23/28 MP: 3/3
   896 | D:2      | Noticed Sigmund
   939 | D:2      | Found a faded altar of an unknown god.
   946 | D:2      | HP: 4/28 [quokka (2)]
   948 | D:2      | Slain by Sigmund

Illustrated notes

Levels and vault maps discovered:
D:1:      dpeg_arrival_round_a, layout_rooms
D:2:      layout_basic, basic_altar, hellmonk_ecumenical_altar_crossroads,
          minmay_cupped, uniq_sigmund

Action                     || total
---------------------------++-------
  Melee: Unarmed           ||   102
         Tailslap          ||    11
    Use: Potion            ||     3
 Armour: Skin              ||    66
  Dodge: Dodged            ||    49

Table legend: (Time is in decaauts)
 A = Elapsed time spent in this place.
 B = Non-inter-level travel time spent in this place.
 C = Inter-level travel time spent in this place.
 D = Time resting spent in this place.
 E = Time spent auto-exploring this place.
 F = Levels seen in this place.
 G = Mean time per level.
                   A        B        C        D        E       F      G
               +--------+--------+--------+--------+--------+-----+--------+
         Total |    943 |    894 |     49 |      0 |    629 |   2 |  471.5 |
       Dungeon |    943 |    894 |     49 |      0 |    629 |   2 |  471.5 |
               +--------+--------+--------+--------+--------+-----+--------+

Top non-repeatable levels by time:
     D:1: 841 daAuts
     D:2: 102 daAuts
